Map: Eternal Empire LE

Players

MaxPax

  • Race: Protoss Protoss
  • League: Master
  • Spawn Location: 7:00

Lambo - Winner!

  • Race: Zerg Zerg
  • Spawn Location: 1:00

Event: DreamHack SC2 Masters 2020 Fall

VOD

Have the link to the VOD?

Description

Time

  • Played on: Aug. 29, 2020, 12:40 p.m.
  • Length: 10:34

All games in this series

Show
View Real Time Build Order
Export as new Build Order

MaxPax Protoss 

Build Orders: Nexus First, Zealot Archon 

Get SALT Encoding   

  12  0:00  Probe  
  13  0:12  Probe  
  14  0:19  Pylon  
  14  0:24  Probe  
  15  0:37  Probe  
  16  0:49  Probe  
  17  1:00  Nexus  
  17  1:09  Gateway  
  17  1:12  Probe (Chrono Boost)  
  18  1:23  Assimilator, Probe (Chrono Boost)  
  19  1:28  Assimilator, Probe (Chrono Boost)  
  20  1:40  Probe  
  20  1:43  Gateway  
  21  1:52  Probe  
  22  1:56  Cybernetics Core  
  22  2:05  Pylon  
  22  2:06  Probe (Chrono Boost)  
  23  2:11  Probe (Chrono Boost)  
  24  2:21  Probe x2 (Chrono Boost)  
  26  2:26  Probe (Chrono Boost)  
  26  2:28  Probe  
  26  2:29  Adept x2 (Chrono Boost)  
  32  2:38  Probe  
  32  2:40  Probe  
  34  2:44  Warp Gate  
  34  2:50  Probe  
  35  2:52  Probe  
  35  2:56  Adept  
  38  3:00  Stargate  
  38  3:02  Probe  
  38  3:04  Probe  
  40  3:11  Pylon  
  40  3:14  Probe  
  40  3:16  Probe  
  42  3:26  Probe  
  43  3:29  Probe  
  43  3:33  Adept  
  46  3:36  Void Ray (Chrono Boost)  
  46  3:38  Probe  
  46  3:41  Probe  
  44  3:42  Assimilator  
  44  3:45  Assimilator  
  48  3:50  Twilight Council, Forge, Probe  
  48  3:54  Probe  
  51  4:02  Probe  
  51  4:06  Pylon, Probe  
  51  4:09  Gateway  
  52  4:11  Gateway  
  52  4:14  Probe  
  52  4:15  Void Ray (Chrono Boost)  
  53  4:27  Probe  
  53  4:28  Protoss Ground Weapons Level 1  
  53  4:29  Charge  
  58  4:39  Nexus  
  58  4:43  Pylon  
  58  4:46  Probe  
  58  4:48  Probe  
  60  4:55  Void Ray  
  60  4:58  Probe, Pylon  
  61  5:01  Sentry x2  
  61  5:03  Probe  
  70  5:13  Pylon  
  70  5:16  Shield Battery, Probe x2 (Chrono Boost)  
  70  5:17  Stargate  
  72  5:27  Probe x2 (Chrono Boost)  
  74  5:31  Probe x2 (Chrono Boost)  
  74  5:33  Zealot x2  
  80  5:42  Phoenix (Chrono Boost), Probe x2  
  84  5:48  Zealot  
  86  5:54  Probe x2, Pylon  
  88  5:58  Probe  
  88  5:59  Phoenix (Chrono Boost)  
  91  6:04  Assimilator  
  91  6:06  Probe  
  91  6:08  Assimilator  
  91  6:10  Phoenix (Chrono Boost)  
  92  6:12  Zealot x3  
  92  6:15  Phoenix (Chrono Boost)  
  100  6:19  Probe  
  100  6:24  Pylon  
  101  6:31  Templar Archives  
  101  6:32  Gateway  
  103  6:37  Phoenix (Chrono Boost), Probe  
  103  6:38  Phoenix (Chrono Boost)  
  106  6:40  Photon Cannon  
  106  6:46  Zealot x3  
  106  6:47  Zealot  
  114  6:52  Protoss Ground Weapons Level 2 (Chrono Boost), Protoss Air Weapons Level 1, Probe  
  115  6:55  Phoenix  
  117  7:10  Phoenix  
  117  7:11  Zealot  
  115  7:19  Phoenix  
  115  7:20  Probe  
  110  7:24  Probe  
  110  7:29  Pylon  
  111  7:30  Zealot, High Templar x2  
  111  7:35  Pylon  
  111  7:36  Archon  
  117  7:41  Gateway x2  
  117  7:43  Nexus  
  117  7:45  Pylon  
  117  7:53  High Templar x2  
  117  7:54  Zealot  
  123  7:58  Archon  
  123  7:59  Phoenix x2  
  123  8:00  Gateway  
  123  8:01  Pylon, Probe x2  
  123  8:02  Probe  
  123  8:04  Zealot x2  
  134  8:07  Photon Cannon  
  134  8:13  Probe  
  134  8:15  Photon Cannon  
  134  8:17  Shield Battery  
  134  8:19  Probe  
  136  8:20  Probe  
  137  8:27  Zealot x5  
  137  8:29  Psionic Storm  
  137  8:31  Probe x2  
  143  8:36  Probe  
  142  8:41  High Templar x2  
  142  8:43  Probe  
  142  8:45  Probe  
  142  8:46  Gateway  
  142  8:48  Assimilator  
  148  8:50  Pylon  
  148  8:53  Archon  
  148  8:55  High Templar x2  
  152  8:56  Zealot x2  
  154  9:06  High Templar x2  
  154  9:08  Probe x2  
  152  9:10  Probe  
  152  9:16  Assimilator  
  153  9:20  Shield Battery, Photon Cannon x2  
  153  9:23  Photon Cannon  
  153  9:26  Zealot x4  
  161  9:31  Zealot  
  161  9:37  High Templar  
  165  9:41  Void Ray  
  165  9:45  Pylon  
  165  9:47  Pylon  
  165  9:48  Pylon  
  165  9:50  Pylon  
  165  9:52  Pylon  
  142  10:01  Zealot x4  
  146  10:09  High Templar  
  146  10:12  Probe  
  136  10:20  Zealot  
  121  10:24  Archon  
  100  10:29  Zealot x4  
Show
View Real Time Build Order
Export as new Build Order

Lambo Zerg - Winner!

Build Orders: Hatch First, Roach Hydra 

Get SALT Encoding   

  12  0:00  Drone  
  13  0:13  Overlord  
  13  0:19  Drone  
  14  0:33  Drone x2  
  16  0:48  Hatchery  
  15  0:51  Drone  
  15  0:56  Drone  
  17  1:01  Drone  
  18  1:10  Extractor  
  17  1:15  Spawning Pool  
  16  1:18  Drone  
  16  1:21  Drone  
  18  1:29  Drone  
  19  1:40  Drone  
  20  1:51  Overlord  
  20  2:02  Queen x2, Zergling x4  
  26  2:12  Drone  
  26  2:13  Drone  
  28  2:17  Metabolic Boost  
  28  2:24  Drone x2  
  30  2:34  Hatchery  
  29  2:37  Drone  
  29  2:41  Drone  
  29  2:43  Drone  
  32  2:46  Overlord  
  32  2:54  Queen  
  32  2:57  Zergling x2  
  32  2:58  Zergling x2  
  35  3:10  Zergling x2  
  35  3:11  Drone  
  35  3:12  Drone, Overlord  
  38  3:16  Drone x2  
  40  3:21  Drone  
  41  3:29  Spore Crawler  
  38  3:37  Drone x3  
  40  3:44  Queen  
  40  3:45  Drone x3  
  46  3:51  Drone x3  
  46  3:54  Queen  
  51  4:01  Overlord  
  51  4:02  Drone x2, Spore Crawler  
  53  4:05  Drone  
  53  4:07  Drone  
  53  4:08  Drone  
  55  4:12  Overlord  
  55  4:13  Drone  
  55  4:16  Zergling x2  
  57  4:22  Overlord  
  57  4:25  Overlord  
  57  4:28  Overlord  
  57  4:31  Zergling x4  
  59  4:32  Drone  
  59  4:34  Drone x2, Roach Warren  
  59  4:35  Drone  
  59  4:37  Drone  
  63  4:39  Drone  
  63  4:41  Drone  
  63  4:43  Drone  
  63  4:44  Spore Crawler  
  65  4:45  Extractor  
  65  4:46  Extractor  
  65  4:47  Spore Crawler  
  65  4:49  Drone  
  65  4:51  Drone x2  
  65  4:52  Drone  
  66  4:53  Drone  
  66  4:56  Drone x2  
  66  4:57  Drone  
  66  4:59  Drone  
  71  5:01  Drone  
  71  5:03  Drone  
  71  5:05  Lair  
  71  5:06  Drone  
  74  5:08  Drone x2  
  74  5:12  Drone x2  
  78  5:17  Drone x2, Evolution Chamber  
  78  5:20  Queen, Extractor  
  80  5:23  Overlord  
  80  5:26  Extractor  
  80  5:27  Extractor  
  77  5:30  Drone x2  
  77  5:33  Drone x2  
  77  5:34  Drone x2  
  77  5:35  Drone x4  
  87  5:37  Drone x2  
  87  5:39  Pneumatized Carapace  
  87  5:41  Overlord  
  89  5:43  Overlord  
  89  5:48  Drone  
  90  5:52  Drone x2  
  92  6:02  Zerg Missile Weapons Level 1  
  92  6:04  Hatchery  
  91  6:05  Hydralisk Den, Zergling x16  
  91  6:06  Evolution Chamber  
  91  6:07  Overlord  
  91  6:10  Overlord  
  97  6:12  Overlord  
  97  6:17  Queen  
  97  6:18  Overlord  
  96  6:19  Overlord  
  96  6:23  Overlord  
  96  6:29  Spore Crawler  
  96  6:31  Spore Crawler  
  94  6:33  Spore Crawler  
  94  6:34  Overlord  
  94  6:35  Muscular Augments  
  93  6:42  Hydralisk x5  
  103  6:48  Zerg Ground Armor Level 1  
  103  6:50  Roach  
  103  6:51  Roach x2  
  108  6:54  Roach, Spore Crawler  
  108  6:59  Roach x3  
  108  7:00  Roach  
  117  7:03  Roach x2  
  117  7:07  Hydralisk, Roach  
  123  7:10  Roach x2  
  123  7:11  Hydralisk  
  123  7:16  Hydralisk x2  
  123  7:19  Hydralisk  
  123  7:22  Hydralisk x2  
  125  7:30  Drone x5  
  125  7:31  Drone x2  
  125  7:35  Glial Reconstitution  
  125  7:36  Drone  
  125  7:37  Drone x2  
  135  7:38  Hydralisk  
  135  7:40  Zergling x2  
  135  7:41  Unknown  
  135  7:43  Drone x3  
  140  7:45  Spore Crawler  
  140  7:47  Grooved Spines  
  140  7:48  Hydralisk x2  
  140  7:50  Ravager  
  140  7:51  Ravager x2  
  146  7:53  Hydralisk  
  146  7:55  Overseer  
  146  7:58  Hydralisk, Zerg Missile Weapons Level 2  
  148  8:01  Hydralisk  
  148  8:03  Drone x2  
  154  8:07  Roach x3  
  154  8:09  Overlord  
  154  8:11  Hydralisk  
  160  8:15  Hydralisk  
  160  8:16  Hydralisk x2  
  166  8:20  Hydralisk  
  168  8:29  Hydralisk x4  
  168  8:33  Hydralisk  
  176  8:35  Hydralisk x2  
  175  8:42  Overlord x2  
  175  8:43  Overseer  
  175  8:44  Overlord  
  175  8:50  Overlord  
  175  8:54  Overlord  
  175  8:59  Queen x3  
  181  9:04  Hydralisk x7  
  181  9:07  Roach x2  
  197  9:12  Roach  
  199  9:28  Infestation Pit  
  198  9:35  Hatchery  
  197  9:39  Hydralisk  
  199  9:49  Hydralisk x3  
  199  9:57  Hydralisk x2  
  199  9:59  Overseer x2  
  197  10:00  Hydralisk  
  197  10:05  Roach  
  197  10:06  Hydralisk  
  197  10:08  Hydralisk  
  197  10:10  Roach, Overseer x2  

Tags
 
Add a new tag
Caveats
  • Supply blocks, unpowered buildings, or Contaminate may cause inaccurate times.
  • Supply counts are checked every 10 seconds.